 Dungeon Crawl Stone Soup version 0.27.0-1-g7a089689b8 (webtiles) character file.

Game seed: 13458411501232923494

172 Demosthentine the Poker (level 5, -2/41 HPs)
             Began as a Merfolk Gladiator on Aug 1, 2021.
             Killed by divine providence
             ... invoked by an orc priest
              (13 damage)
             ... on level 4 of the Dungeon.
             The game lasted 00:01:52 (2851 turns).

Demosthentine the Poker (Merfolk Gladiator)         Turns: 2851, Time: 00:01:53

Health: -2/41      AC:  6    Str: 16    XL:     5   Next: 52%
Magic:  5/5        EV: 15    Int:  7    God:
Gold:   86         SH:  0    Dex: 21    Spells: 4/4 levels left

rFire    . . .     SeeInvis .   g - +0 trident (venom)
rCold    . . .     Faith    .   (no shield)
rNeg     . . .     Spirit   .   b - +0 leather armour
rPois    .         Reflect  .   c - +1 helmet
rElec    .         Harm     .   (no cloak)
rCorr    .         Rampage  .   (no gloves)
Will     .....                  k - +0 pair of boots
Stlth    ++........             (no amulet)
HPRegen  0.13/turn              i - +6 ring of dexterity
MPRegen  0.09/turn              (no ring)

@: no status effects
A: (nimble swimmer 2), mertail
a: no special abilities


You were on level 4 of the Dungeon.
You visited 1 branch of the dungeon, and saw 4 of its levels.

You collected 86 gold pieces.

Inventory:

Hand Weapons
 g - a +0 trident of venom (weapon)
Missiles
 d - 3 throwing nets (quivered)
Armour
 b - a +0 leather armour (worn)
 c - a +1 helmet (worn)
 k - a +0 pair of boots (worn)
Jewellery
 i - a +6 ring of dexterity (left hand)
Wands
 h - a wand of digging (6)
Scrolls
 j - a scroll of identify
 l - a scroll of amnesia
 m - a scroll of fear
 o - a scroll of enchant weapon
Potions
 a - a potion of curing
 e - 3 potions of lignification
 f - a potion of heal wounds {unknown}
 n - a potion of might {unknown}


   Skills:
 + Level 3.5 Fighting
 + Level 5.7 Polearms
 - Level 2.0 Throwing
 + Level 1.6 Armour
 + Level 5.3 Dodging


You had 4 spell levels left.
You didn't know any spells.
Your spell library contained the following spells:

 Spells                   Type           Power      Damage    Failure   Level
 Ensorcelled Hibernation  Hex/Ice        0%         N/A       65%         2
 Spider Form              Tmut/Pois      0%         N/A       86%         3
 Dispersal                Tloc           0%         N/A       100%        6
 Shadow Creatures         Summ           N/A        N/A       100%        6
 Disjunction              Tloc           0%         N/A       100%        8


Dungeon Overview and Level Annotations

Branches:
Dungeon (4/15)
 Temple: D:4-7

Altars:
Ru


Innate Abilities, Weirdness & Mutations

((You are quick and stealthy near water. (Stealth+, EV+, Speed+++)))
Your lower body shifts to a powerful aquatic tail in water.


Message History

a +0 hand axe; an orc corpse Unknown command.
The orc priest looks satisfied for a moment.
Unknown command.
Reach: g) +0 trident (venom)
Press: ? - help, Dir - move target There's something in the way.
Unknown command.
Reach: g) +0 trident (venom)
Press: ? - help, Dir - move target, f - orc priest
Aim: an orc priest, wielding a +0 short sword and wearing a +0 leather armour (about 36% to evade your +0 trident of venom)
The orc warrior is in the way.
You closely miss the orc warrior.
The orc priest mumbles some strange prayers to Beogh against you.
Pain shoots through your body!
Unknown command.
Unknown command.
The orc warrior barely misses you.
Unknown command.
An orc comes into view. It is wielding a +0 hand axe.
The orc shouts!
You hear a bark!
The orc priest looks encouraged for a moment.
Unknown command.
Unknown command.
Unknown command.
Unknown command.
Unknown command.
The orc priest invokes the aid of Beogh against you.
Beogh smites you!
The orc priest calls down the wrath of Beogh upon you.
Beogh smites you!
* * * LOW HITPOINT WARNING * * *
Unknown command.
Unknown command.
Unknown command.
Unknown command.
Unknown command.
Unknown command.
The orc priest calls down the wrath of Beogh upon you.
Beogh smites you!
You die...

#..#####o.......
#####....##..#..
####....# ###
##.###.o.# .
#....#...#### .#
#......o##..##..#..
#...............#.
# ##..#.........#..
.# ####....@...##.#
.. ##...######.#.#
###..####..... .
###.......## ##..
#......)...#.....
#...##..##.....#
##.. #.###<....#
....#........#..#
<........##.### .#


You could see an orc warrior and an orc priest.

Vanquished Creatures
  An iguana (D:4)
  Ijyb (D:4)
  Terence (D:3)
  2 adders (D:2)
  A worm (D:2)
  2 dart slugs
  6 orcs
  7 ball pythons
  10 endoplasms
  A giant cockroach (D:3)
  6 goblins
  3 hobgoblins
  2 jackals (D:1)
  A quokka (D:4)
  6 bats
  A frilled lizard (D:1)
  7 kobolds
  8 rats
66 creatures vanquished.

Notes
Turn   | Place    | Note
-------+----------+-------------------------------------------
     0 | D:1      | Demosthentine the Merfolk Gladiator began the quest for the
                  | Orb.
     0 | D:1      | Reached XP level 1. HP: 16/16 MP: 1/1
   210 | D:1      | Reached XP level 2. HP: 23/23 MP: 2/2
   682 | D:1      | Reached XP level 3. HP: 28/28 MP: 3/3
   976 | D:2      | Reached skill level 5 in Polearms
   976 | D:2      | Reached skill level 1 in Armour
  1083 | D:2      | Found a faded altar of an unknown god.
  1096 | D:2      | Reached XP level 4. HP: 30/34 MP: 4/4
  1982 | D:3      | Noticed Terence
  1995 | D:3      | Killed Terence
  1996 | D:3      | Reached skill level 5 in Dodging
  2360 | D:3      | Found a sacrificial altar of Ru.
  2719 | D:4      | Noticed Ijyb
  2721 | D:4      | Reached XP level 5. HP: 41/41 MP: 5/5
  2731 | D:4      | Killed Ijyb
  2828 | D:4      | Noticed an orc warrior
  2851 | D:4      | Killed from afar by an orc priest

Illustrated notes

Levels and vault maps discovered:
D:1:      dpeg_arrival_more_subterranean_lakeside_camping, layout_basic,
          grunt_decor_resistance
D:2:      layout_loops_corners, shapermc_ecumenical_altar_starsandcircs,
          kennysheep_generic_room_9
D:3:      layout_basic, marbit_many_paths, uniq_terence
D:4:      layout_cave_pools, mainiacjoe_overflow_brackets, minitemple,
          hex_large, uniq_ijyb

Skill      XL: |  1  2  3  4 |
---------------+-------------+-----
Polearms       | 5 |  5.7
Armour         | 1 |  1.6
Fighting       | 3 |  3.5
Dodging        | 5 |  5.3
Throwing       | |  2.0

Action                   |  1- 3 |  4- 6 || total
-------------------------+-------+-------++-------
Melee: Trident           |    93 |    75 ||   168
  Use: Scroll            |     4 |     7 ||    11
 Stab: Sleeping          |     5 |     7 ||    12
Armor: Leather armour    |    20 |     6 ||    26
Dodge: Dodged            |    57 |    27 ||    84
